 Dungeon Crawl Stone Soup version 0.26-a0-58-g79b31b8662 (webtiles) character file.

Game seed: 2109164103433094973

2675 BritishOli the Skirmisher (level 9, -1/72 HPs)
             Began as a Demonspawn Monk on June 8, 2020.
             Was an Elder of Okawaru.
             Slain by a death yak (12 damage)
             ... on level 8 of the Dungeon.
             The game lasted 00:17:27 (10029 turns).

BritishOli the Skirmisher (Demonspawn Monk)        Turns: 10029, Time: 00:17:27

Health: -1/72      AC:  8    Str: 17    XL:     9   Next: 37%
Magic:  0/9        EV: 24    Int: 12    God:    Okawaru [****..]
Gold:   366        SH:  4    Dex: 16    Spells: 8/8 levels left

rFire    . . .     SeeInvis .   a - +0 falchion
rCold    . . .     Gourm    .   (no shield)
rNeg     . . .     Faith    +   J - +1 ring mail "Don Zod" {Str+3}
rPois    .         Spirit   +   (helmet restricted)
rElec    .         Reflect  .   E - scarf {repulsion}
rCorr    .         Harm     .   (no gloves)
MR       +....                  r - +0 pair of boots
Stlth    +.........             z - amulet of faith
HPRegen  0.22/turn              i - +4 ring of evasion
MPRegen  0.11/turn              w - ring of protection from magic

@: agile, repel missiles
A: antennae 2, large bone plates 1, powered by pain 3, magic shield
a: Heroism, Renounce Religion


You were on level 8 of the Dungeon.
You worshipped Okawaru.
Okawaru was greatly pleased with you.
You were very hungry.

You visited 2 branches of the dungeon, and saw 9 of its levels.

You collected 366 gold pieces.

Inventory:

Hand Weapons
 a - a +0 falchion (weapon)
Armour
 r - a +0 pair of boots (worn)
 E - a scarf of repulsion (worn)
 I - a scarf of resistance
 J - the +1 ring mail "Don Zod" (worn) {Str+3}
   (You found it on level 7 of the Dungeon)

   It affects your strength (+3).
 L - a +0 cloak
Jewellery
 i - a +4 ring of evasion (left hand)
 t - an uncursed ring of wizardry
 u - an uncursed ring of protection from cold
 w - a ring of protection from magic (right hand)
 y - an uncursed ring of magical power {unknown}
 z - an amulet of faith (around neck)
 D - an uncursed ring of poison resistance {unknown}
Wands
 b - a wand of polymorph (8)
 x - a wand of disintegration (14)
 K - a wand of flame (19)
Scrolls
 g - 3 scrolls of teleportation
 h - 4 scrolls of enchant weapon
 m - 2 scrolls of magic mapping
 n - 2 scrolls of identify
 o - a scroll of remove curse {unknown}
 q - a scroll of immolation {unknown}
 v - a scroll of random uselessness {unknown}
 A - a scroll of fog {unknown}
 C - a scroll of noise {unknown}
 F - 2 scrolls of amnesia {unknown}
 G - a scroll of enchant armour {unknown}
Potions
 d - a potion of lignification
 e - a potion of might {unknown}
 f - 5 potions of degeneration {unknown}
 j - a potion of mutation {unknown}
 k - 6 potions of curing
 p - 2 potions of heal wounds {unknown}
 s - a potion of ambrosia
 B - 2 potions of brilliance {unknown}
 H - a potion of haste {unknown}
Comestibles
 c - 19 rations


   Skills:
 + Level 7.1 Fighting
 + Level 6.5 Long Blades
 + Level 5.6 Armour
 + Level 6.4 Dodging
 - Level 1.7 Stealth


You had 8 spell levels left.
You didn't know any spells.
Your spell library was empty.

Dungeon Overview and Level Annotations

Branches:
Dungeon (8/15)             Temple (1/1) D:4            Lair (0/6) D:8

Altars:
Ashenzari
Cheibriados
Dithmenos
Elyvilon
Fedhas
Gozag
Hepliaklqana
Kikubaaqudgha
Makhleb
Nemelex Xobeh
Okawaru
Qazlal
Ru
Sif Muna
Trog
Uskayaw
Vehumet
Wu Jian
Xom
Yredelemnul
Zin
The Shining One

Shops:
D:4 =

Annotations:
D:5 1 runed translucent door, ioannis32's ghost, amateur DsFi


Innate Abilities, Weirdness & Mutations

You have a pair of antennae on your head.
You are partially covered in large bone plates. (SH +4)
You are powered by pain.
When hurt, damage is shared between your health and your magic reserves.


Message History

The death yak barely misses you.
You hit the death yak but do no damage.
The death yak is lightly wounded.
You feel like a meek peon again. The death yak misses you.
You riposte.
You hit the death yak but do no damage.
The death yak is lightly wounded.
You hit the death yak.
The death yak is lightly wounded.
The death yak gores you.
* * * LOW HITPOINT WARNING * * *
You hit the death yak.
The death yak is lightly wounded.
The yak snorts and paws the ground.
You hit the death yak.
The death yak is lightly wounded.
The death yak misses you.
You hit the death yak but do no damage.
The death yak is lightly wounded.
The death yak gores you!
You die...

..YY...<.# #........
.........# .. #.......
...(.....# .. #......# ...
.........# .###......###...
......Y..# ............#...
........{# ................
..#.#.##.##
.........#....... #.##..
#YY####.......<#......>
##YYYY@.......#....####
####.####.............#..
#....####....###..P..##..
#......##....##.......##'
##.)....##............##..
#......_......#.........'...
...##......##...........')?.
...
#......##...........##รท. #.
###....##............##'


You could see a death yak and 5 yaks.

Vanquished Creatures
  An elephant (D:8)
  2 ice beasts
  A black bear (D:7)
  2 sky beasts
  2 ogres (D:6)
  2 phantoms
  6 centaurs
  2 big kobolds
  A bullfrog (D:6)
  4 crimson imps
  An orc priest (D:7)
  A centaur skeleton (D:6)
  3 hounds
  2 bullfrog skeletons
  8 worker ants
  4 orc wizards
  A hound zombie (D:6)
  A howler monkey zombie (D:7)
  9 adders
  A shadow imp (D:6)
  An adder zombie (D:6)
  An adder skeleton (D:8)
  3 worms
  A dart slug (D:2)
  2 leopard geckos
  8 orcs
  5 giant cockroaches
  16 goblins
  4 hobgoblins
  14 jackals
  3 quokkas
  3 ball pythons
  2 bats
  4 frilled lizards
  9 kobolds
  A rat (D:2)
131 creatures vanquished.

Vanquished Creatures (others)
  An orc (D:6)
  2 withered plants (D:5)
3 creatures vanquished.

Grand Total: 134 creatures vanquished

Notes
Turn   | Place    | Note
-------+----------+-------------------------------------------
     0 | D:1      | BritishOli the Demonspawn Monk began the quest for the Orb.
     0 | D:1      | Reached XP level 1. HP: 18/18 MP: 1/1
   161 | D:1      | Gained mutation: You sometimes gain a little power by
                  | taking damage. [demonic ancestry]
   161 | D:1      | Reached XP level 2. HP: 19/24 MP: 2/2
   802 | D:2      | Found a glowing silver altar of Zin.
   859 | D:2      | Reached skill level 1 in Armour
   873 | D:2      | Gained mutation: You sometimes gain power by taking damage.
                  | [demonic ancestry]
   873 | D:2      | Reached XP level 3. HP: 5/29 MP: 3/3
  1824 | D:2      | Found a shimmering blue altar of Sif Muna.
  2167 | D:3      | Gained mutation: You are powered by pain. [demonic
                  | ancestry]
  2167 | D:3      | Reached XP level 4. HP: 34/35 MP: 4/4
  2919 | D:3      | Found a hide-covered altar of Uskayaw.
  3024 | D:4      | Found Yzilal's Jewellery Boutique.
  3035 | D:4      | Found a sacrificial altar of Ru.
  3104 | D:4      | Noticed a centaur
  3111 | D:4      | Killed a centaur
  3111 | D:4      | Reached skill level 4 in Fighting
  3111 | D:4      | Gained mutation: You are partially covered in large bone
                  | plates. (SH +4) [demonic ancestry]
  3111 | D:4      | Reached XP level 5. HP: 18/42 MP: 5/5
  3339 | D:4      | Found a staircase to the Ecumenical Temple.
  3353 | Temple   | Entered the Ecumenical Temple
  3409 | Temple   | Became a worshipper of Warmaster Okawaru
  3409 | Temple   | Reached * piety under Okawaru
  3409 | Temple   | Reached ** piety under Okawaru
  3974 | D:4      | Reached XP level 6. HP: 47/48 MP: 6/6
  4179 | D:4      | Found a glowing golden altar of the Shining One.
  4323 | D:5      | Entered Level 5 of the Dungeon
  4661 | D:5      | Found a runed translucent door.
  4661 | D:5      | Noticed ioannis32's ghost (amateur DsFi)
  4738 | D:5      | Noticed an ice beast
  4765 | D:5      | Killed an ice beast
  5246 | D:5      | Gained mutation: You have a pair of small antennae on your
                  | head. [demonic ancestry]
  5246 | D:5      | Reached XP level 7. HP: 47/55 MP: 7/7
  5401 | D:5      | HP: 2/55 [poisoned by a worker ant]
  5757 | D:5      | Reached skill level 5 in Fighting
  5930 | D:5      | Found a stormy altar of Qazlal.
  6375 | D:5      | Found a basalt altar of Yredelemnul.
  6503 | D:6      | Reached *** piety under Okawaru
  6598 | D:6      | Reached skill level 5 in Long Blades
  6697 | D:6      | Reached skill level 5 in Dodging
  6861 | D:6      | Gained mutation: You have a pair of antennae on your head.
                  | [demonic ancestry]
  6861 | D:6      | Reached XP level 8. HP: 63/63 MP: 8/8
  7425 | D:6      | Found a blossoming altar of Fedhas.
  7817 | D:6      | Found a bloodstained altar of Trog.
  7834 | D:6      | Reached skill level 6 in Fighting
  8540 | D:7      | Reached skill level 5 in Armour
  8902 | D:7      | Gained mutation: When hurt, damage is shared between your
                  | health and your magic reserves. [demonic ancestry]
  8902 | D:7      | Reached XP level 9. HP: 64/71 MP: 9/9
  8947 | D:7      | Got an amethyst-encrusted ring mail
  8958 | D:7      | Identified the +1 ring mail "Don Zod" {Str+3} (You found it
                  | on level 7 of the Dungeon)
  9094 | D:7      | Reached **** piety under Okawaru
  9174 | D:7      | Found a shattered altar of Ashenzari.
  9394 | D:8      | Found a staircase to the Lair.
  9394 | D:8      | Noticed an elephant
  9394 | D:8      | Noticed a death yak
  9567 | D:8      | Killed an elephant
  9567 | D:8      | Reached skill level 7 in Fighting
  9584 | D:8      | Noticed a white ugly thing
  9968 | D:8      | Found a burning altar of Makhleb.
 10029 | D:8      | Slain by a death yak

Illustrated notes

Levels and vault maps discovered:
D:1:      matt_arrival_diagonals, layout_loops_ring, serial_forest,
          infiniplex_forest_3_way, infiniplex_forest_corner_2,
          infiniplex_forest_clump_diagonal, infiniplex_forest_straight_4,
          infiniplex_forest_clump_long, infiniplex_forest_clump_small
D:2:      minmay_alternating_diamond, layout_basic, lemuel_blue_sif_altar,
          zin_academy
D:3:      layout_basic, lemuel_coloured_pillars_altar,
          kennysheep_cross_bottleneck
D:4:      layout_cave_pods, nicolae_ru_sacrificial_ziggurat, kennysheep_mini,
          minmay_temple_entry_waves, first_ration, serial_shops, shop
D:5:      minmay_evil_eye, layout_loops_ring, minitemple, gammafunk_ghost_grave
D:6:      layout_gridville, lemuel_doored_altar, kennysheep_little_box,
          minmay_ogre_servants
D:7:      layout_rooms, ashenzari_altar_1
D:8:      layout_cave_pools, nicolae_overflow_crystal_walls, david_lair_generic,
          blue_anna_alchemist [blue_anna_fruit_fields, blue_anna_fruit_fields],
          fedhas_ov_isle_minmay
Temple:   minmay_temple_curvy_loop

Skill      XL: |  1  2  3  4  5  6  7  8  9 |
---------------+----------------------------+-----
Long Blades    | 3 4 5 6 |  6.5
Armour         | 1 2 3 4 5 |  5.6
Dodging        | 3 4 5 6 |  6.4
Fighting       | 4 5 6 7 |  7.1
Stealth        | |  1.7

Action                   |  1- 3 |  4- 6 |  7- 9 || total
-------------------------+-------+-------+-------++-------
Melee: Falchion          |   134 |   234 |   572 ||   940
       Punch             |       |       |     1 ||     1
Invok: Heroism           |       |       |     1 ||     1
  Use: Potion            |     1 |     1 |     2 ||     4
       Scroll            |       |       |     3 ||     3
 Stab: Sleeping          |     6 |     7 |     6 ||    19
       Distracted        |       |     1 |       ||     1
  Eat: Chunk             |     4 |    10 |    12 ||    26
       Ration            |       |       |     1 ||     1
Armor: Robe              |    19 |    22 |    40 ||    81
       Skin              |    11 |    17 |       ||    28
       Ring mail         |       |       |    32 ||    32
Dodge: Dodged            |   138 |   169 |   442 ||   749
       Repelled          |       |       |     4 ||     4
Block: Other             |       |    32 |    82 ||   114
       Rpst.: Falchion   |    45 |    52 |   107 ||   204

Table legend:
 A = Non-vault XP
 B = Vault XP
 C = Vault XP percentage of total XP
 D = Non-vault monster count
 E = Vault monster count
 F = Vault count percentage of total count
                 A         B        C        D         E       F
            +---------+---------+-------+---------+---------+-------
      Total |    2963 |     859 |  22.5 |     116 |      16 |  12.1
            +---------+---------+-------+---------+---------+-------
        D:1 |      17 |       0 |   0.0 |       9 |       0 |   0.0
        D:2 |      39 |       8 |  17.0 |      17 |       3 |  15.0
        D:3 |      85 |       0 |   0.0 |      20 |       0 |   0.0
        D:4 |     266 |       0 |   0.0 |       7 |       0 |   0.0
        D:5 |     558 |     139 |  19.9 |      14 |       2 |  12.5
        D:6 |    1019 |     140 |  12.1 |      29 |       9 |  23.7
        D:7 |     838 |       0 |   0.0 |      18 |       0 |   0.0
        D:8 |     141 |     572 |  80.2 |       2 |       2 |  50.0
            +---------+---------+-------+---------+---------+-------
